 Dungeon Crawl Stone Soup version 0.30-a0-989-g0d87f670db (webtiles) character file.

Game seed: 6700873932945622671

440 greasedhog the Cudgeller (level 7, -6/55 HPs)
             Began as a Human Fighter on Apr 3, 2023.
             Mangled by an iguana (9 damage)
             ... on level 4 of the Dungeon.
             The game lasted 00:06:20 (3731 turns).

greasedhog the Cudgeller (Human Fighter)            Turns: 3731, Time: 00:06:20

Health: -6/55      AC:  9    Str: 18    XL:     7   Next: 22%
Magic:  7/7        EV:  6    Int:  8    God:
Gold:   139        SH:  4    Dex: 13    Spells: 6/6 levels left

rFire   . . .      SeeInvis .    a - +0 flail
rCold   . . .      Faith    .    c - +0 buckler
rNeg    + . .      Spirit   .    q - +0 chain mail
rPois   .          Reflect  .    (no helmet)
rElec   .          Rampage  .    (no cloak)
rCorr   .                        (no gloves)
Will    .....                    (no boots) Stlth
                                 (no amulet)
HPRegen 0.29/turn                m - ring of positive energy
MPRegen 0.10/turn                (no ring)

@: no status effects
A: no striking features
a: no special abilities


You were on level 4 of the Dungeon.
You visited 1 branch of the dungeon, and saw 4 of its levels.

You collected 139 gold pieces.

Inventory:

Hand Weapons
 a - a +0 flail (weapon)
Armour
 c - a +0 buckler (worn)
 q - a +0 chain mail (worn)
Jewellery
 m - a ring of positive energy (left hand)
Wands
 o - a wand of iceblast (13)
Scrolls
 e - a scroll of enchant weapon
 h - a scroll of magic mapping {unknown}
 n - a scroll of immolation {unknown}
 p - a scroll of poison {unknown}
Potions
 b - 2 potions of mutation {unknown}
 d - a potion of might
 f - a potion of magic
 g - 2 potions of flight
 i - a potion of curing {unknown}
 j - a potion of attraction {unknown}
 k - 2 potions of heal wounds {unknown}
 l - a potion of cancellation {unknown}


   Skills:
 + Level 4.9 Fighting
 * Level 6.1 Maces & Flails
 - Level 3.0 Armour
 - Level 3.0 Shields


You had 6 spell levels left.
You didn't know any spells.
Your spell library contained the following spells:

 Spells                   Type           Power      Damage    Failure   Level
 Portal Projectile        Hex/Tloc       0%         N/A       100%        3
 Tukima's Dance           Hex            0%         N/A       100%        3
 Blade Hands              Tmut           0%         N/A       100%        5


Dungeon Overview and Level Annotations

Branches:
Dungeon (4/15)
 Temple: D:4-7

Altars:
Nemelex Xobeh

Shops:
D:3 (


Message History

You closely miss the iguana.
You feel sick. The iguana bites you.
You hit the iguana but do no damage.
You feel sick.
You are no longer poisoned.
The iguana bites you!
The orc wizard casts a spell.
The orc wizard flickers and vanishes!
You barely miss the iguana. The iguana barely misses you.
You closely miss the iguana. The iguana completely misses you.
You hit the iguana but do no damage. The iguana barely misses you.
You hit the iguana.
The iguana is moderately wounded.
You block the iguana's attack.
You hit the iguana but do no damage.
The iguana is moderately wounded.
The iguana bites you but does no damage.
The iguana bites you.
* * * LOW HITPOINT WARNING * * *
You hit the iguana.
The iguana is moderately wounded.
The iguana bites you.
* * * LOW HITPOINT WARNING * * *
You hit the iguana but do no damage.
The iguana is moderately wounded.
The iguana barely misses you.
You hit the iguana.
The iguana is heavily wounded.
The iguana bites you but does no damage.
You sock the iguana!
The iguana is almost dead.
The iguana bites you but does no damage.
You closely miss the iguana.
The iguana is almost dead.
The iguana bites you.
* * * LOW HITPOINT WARNING * * *
You barely miss the iguana.
The iguana is almost dead.
The iguana bites you!
* * * LOW HITPOINT WARNING * * *
The iguana bites you!
You die...

......###..o...
#...........
#....h.os...
#o.oh...####
#{{)..$.# #o#######
#h# #l# ##@####
#.....### #.....).#
#....##.#########
#.)..##......#h.#
#######....##......#.
#........####......#
#....##### #......#
#....# #......#


You could see an iguana, 2 orcs and a jackal.

Vanquished Creatures
  A black bear (D:4)
  2 scorpions (D:4)
  Ijyb (D:3)
  4 gnolls (D:2)
  6 adders
  4 worms
  4 dart slugs
  2 orcs
  3 bats
  8 endoplasms
  6 giant cockroaches
  12 goblins
  9 hobgoblins
  3 jackals (D:4)
  2 quokkas
  9 ball pythons
  5 frilled lizards
  6 kobolds
  7 rats
94 creatures vanquished.

Notes
Turn   | Place    | Note
-------+----------+-------------------------------------------
     0 | D:1      | greasedhog the Human Fighter began the quest for the Orb.
     0 | D:1      | Reached XP level 1. HP: 18/18 MP: 1/1
   132 | D:1      | Reached XP level 2. HP: 24/24 MP: 2/2
   257 | D:1      | Found a faded altar of an unknown god.
   377 | D:1      | Reached XP level 3. HP: 23/29 MP: 3/3
   382 | D:1      | Reached skill level 3 in Maces & Flails
  1324 | D:2      | Reached XP level 4. HP: 35/35 MP: 4/4
  1625 | D:2      | Reached skill level 4 in Maces & Flails
  1682 | D:2      | Reached XP level 5. HP: 34/42 MP: 5/5
  2215 | D:3      | Found a sparkling altar of Nemelex Xobeh.
  2422 | D:3      | Found Jadwowa's Weapon Emporium.
  2558 | D:3      | Noticed Ijyb
  2733 | D:3      | Killed Ijyb
  2808 | D:3      | Identified the staff of fire "Daush" {*Slow rPois rF+ Str+3
                  | Stlth+}
  2862 | D:3      | Reached XP level 6. HP: 42/48 MP: 6/6
  3111 | D:3      | Reached skill level 5 in Maces & Flails
  3435 | D:4      | Noticed a black bear
  3451 | D:4      | Killed a black bear
  3452 | D:4      | Reached XP level 7. HP: 9/55 MP: 7/7
  3719 | D:4      | Reached skill level 6 in Maces & Flails
  3731 | D:4      | Mangled by an iguana

Illustrated notes

Levels and vault maps discovered:
D:1:      dreamdust_arrival_sigmund_warning, layout_loops_corners,
          dreamdust_ecumenical_altar_angels_and_demons, st_stairs_13
D:2:      layout_loops_ring, kennysheep_generic_room_11
D:3:      layout_loops_corners, lemuel_round_altar, serial_shops,
          nicolae_shop_bloodbath_and_beyond, uniq_ijyb
D:4:      minmay_clustersquares, layout_basic, serial_park_tiny_pond

Skill      XL: |  1  2  3  4  5  6  7 |
---------------+----------------------+-----
Maces & Flails | 3 4 5 6 |  6.1
Fighting       | 4 |  4.9
Armour         | |  3.0
Shields        | |  3.0

Action                     |  1- 3 |  4- 6 |  7- 9 || total
---------------------------+-------+-------+-------++-------
  Melee: Flail             |    86 |   205 |    51 ||   342
  Throw: Throwing net      |       |     2 |       ||     2
    Use: Scroll            |       |     3 |       ||     3
 Armour: Scale mail        |    39 |    59 |       ||    98
         Chain mail        |       |    51 |    29 ||    80
  Dodge: Dodged            |    42 |    78 |    19 ||   139
  Block: Buckler           |    19 |    50 |     6 ||    75

Table legend: (Time is in decaauts)
 A = Elapsed time spent in this place.
 B = Non-inter-level travel time spent in this place.
 C = Inter-level travel time spent in this place.
 D = Time resting spent in this place.
 E = Time spent auto-exploring this place.
 F = Levels seen in this place.
 G = Mean time per level.
                   A        B        C        D        E       F      G
               +--------+--------+--------+--------+--------+-----+--------+
         Total |   3810 |   3563 |    247 |    425 |   2253 |   4 |  952.5 |
       Dungeon |   3810 |   3563 |    247 |    425 |   2253 |   4 |  952.5 |
               +--------+--------+--------+--------+--------+-----+--------+

Top non-repeatable levels by time:
     D:1: 1230 daAuts
     D:3: 1203 daAuts
     D:2: 1036 daAuts
     D:4: 340 daAuts
